 Dungeon Crawl Stone Soup version 0.27-a0-887-gcab673c142 (webtiles) character file.

Game seed: 2990979898590999126

47 sizableburger the Covered (level 3, 0/22 HPs)
             Began as a Deep Elf Fighter on Apr 4, 2021.
             Slain by a wight
             ... wielding a +4 dagger
              (4 damage)
             ... on level 5 of the Dungeon.
             The game lasted 00:04:22 (1085 turns).

sizableburger the Covered (Deep Elf Fighter)        Turns: 1085, Time: 00:04:23

Health: 0/22       AC:  7    Str: 14    XL:     3   Next: 48%
Magic:  0/9        EV:  9    Int: 12    God:
Gold:   28         SH:  0    Dex: 14    Spells: 7/7 levels left

rFire    . . .     SeeInvis .   a - +0 long sword
rCold    . . .     Faith    .   (no shield)
rNeg     . . .     Spirit   +   b - +0 scale mail
rPois    .         Reflect  .   (no helmet)
rElec    .         Harm     .   (no cloak)
rCorr    .         Rampage  .   (no gloves)
Will     .....                  d - +0 pair of boots
Stlth    ..........             c - amulet of guardian spirit
HPRegen  0.07/turn              (no ring)
MPRegen  0.11/turn              (no ring)

@: very slightly contaminated, invisible
A: no striking features
a: no special abilities


You were on level 5 of the Dungeon.
You visited 1 branch of the dungeon, and saw 5 of its levels.

You collected 28 gold pieces.

Inventory:

Hand Weapons
 a - a +0 long sword (weapon)
Armour
 b - a +0 scale mail (worn)
 d - a +0 pair of boots (worn)
Jewellery
 c - an amulet of guardian spirit (around neck)


   Skills:
 - Level 2.4 Fighting
 + Level 2.6 Long Blades
 - Level 2.6 Armour
 - Level 2.4 Shields
 + Level 2.6 Spellcasting


You had 7 spell levels left.
You didn't know any spells.
Your spell library was empty.

Dungeon Overview and Level Annotations

Branches:
Dungeon (5/15)
 Temple: D:4-7

Altars:


Message History

You are very lightly contaminated with residual magic.
You completely miss the wight. The wight barely misses you.
The wight closely misses you.
The centaur wields a +0 shortbow.
The centaur shoots an arrow.
The arrow hits the wight.
The wight hits you with a +4 dagger!
You barely miss the wight.
The centaur shoots an arrow.
The arrow misses the wight.
The arrow hits the wight.
The wight hits you but does no damage. The wight closely misses you.
You riposte.
You slash the wight!
The wight is heavily damaged.
The centaur shoots an arrow.
The arrow hits the wight!
Unknown command.
You barely miss the wight.
The wight is heavily damaged.
The wight hits you with a +0 mace.
The centaur shoots an arrow.
The arrow closely misses the wight.
The arrow hits the wight.
The wight hits you with a +4 dagger. The wight closely misses you.
You riposte.
You closely miss the wight.
The wight is heavily damaged.
You hit the wight but do no damage.
The wight is heavily damaged.
The wight barely misses you.
You riposte.
You catch the helpless wight completely off-guard!
You hit the wight.
The wight is severely damaged.
The wight barely misses you.
You riposte.
You catch the helpless wight completely off-guard!
You hit the wight but do no damage.
The wight is heavily damaged.
You barely miss the wight.
The wight is severely damaged.
The wight hits you but does no damage. The wight barely misses you. x2
You riposte.
You hit the wight but do no damage.
The wight is severely damaged.
You hit the wight but do no damage.
The wight is severely damaged.
The wight hits you with a +0 mace!
* * * LOW HITPOINT WARNING * * *
The wight hits you with a +4 dagger.
You die...

# .# .# .#
#######..##
#cz.z@z...#
#z#####.z.#### #.#
......
######.######......
..
...........z..z.....
#.#
######..####c######
#.# #..# #.# #.#
#...# #.# #.# #.#.#
#.#


You could see a centaur and 5 wights.

Vanquished Creatures
  A bullfrog skeleton (D:5)
  A dart slug (D:4)
  An orc (D:3)
  An endoplasm (D:1)
  A giant cockroach (D:3)
  2 jackals (D:5)
  A ball python (D:1)
  A bat (D:1)
  2 frilled lizards (D:4)
11 creatures vanquished.

Vanquished Creatures (collateral kills)
  An adder (D:5)
1 creature vanquished.

Grand Total: 12 creatures vanquished

Notes
Turn   | Place    | Note
-------+----------+-------------------------------------------
     0 | D:1      | sizableburger the Deep Elf Fighter began the quest for the
                  | Orb.
     0 | D:1      | Reached XP level 1. HP: 13/13 MP: 3/3
   271 | D:4      | Reached skill level 1 in Spellcasting
   541 | D:3      | Reached XP level 2. HP: 17/18 MP: 5/5
   747 | D:4      | Noticed an ogre
   767 | D:5      | Entered Level 5 of the Dungeon
   834 | D:5      | Reached XP level 3. HP: 10/22 MP: 2/8
  1067 | D:5      | Noticed a centaur
  1085 | D:5      | Slain by a wight

Illustrated notes

Levels and vault maps discovered:
D:1:      lemuel_arrival_rhombus, layout_basic, interstate_on_off,
          minmay_strange_pillars
D:2:      layout_loops_corners
D:3:      layout_basic, basic_ecumenical_altar, kennysheep_generic_room_14
D:4:      layout_layer_cave, minmay_temple_entry_glass,
          gammafunk_ghost_gnarly_gnolls, kennysheep_decorative_pillar,
          kennysheep_generic_room_15
D:5:      layout_loops_ring, nicolae_overflow_crystal_walls,
          grunt_gozag_breadcrumbs, nicolae_uskayaw_suspiria,
          biasface_ghost_orc_armoury, chequers_serial_rivers_micro_a

Skill      XL: |  1  2 |
---------------+-------+-----
Long Blades    | 2 |  2.6
Spellcasting   | 1 2 |  2.6
Fighting       | |  2.4
Armour         | |  2.6
Shields        | |  2.4

Action                   || total
-------------------------++-------
Melee: Long sword        ||    50
  Use: Potion            ||     2
       Scroll            ||     1
 Stab: Invisible         ||     2
Armor: Scale mail        ||    40
Dodge: Dodged            ||    47
       Rpst.: Long sword ||    17

Table legend: (Time is in decaauts)
 A = Elapsed time spent in this place.
 B = Non-inter-level travel time spent in this place.
 C = Inter-level travel time spent in this place.
 D = Time resting spent in this place.
 E = Time spent auto-exploring this place.
 F = Levels seen in this place.
 G = Mean time per level.
                   A        B        C        D        E       F      G
               +--------+--------+--------+--------+--------+-----+--------+
         Total |   1099 |    979 |    120 |    486 |     76 |   5 |  219.8 |
       Dungeon |   1099 |    979 |    120 |    486 |     76 |   5 |  219.8 |
               +--------+--------+--------+--------+--------+-----+--------+

Top non-repeatable levels by time:
     D:5: 324 daAuts
     D:4: 315 daAuts
     D:3: 286 daAuts
     D:1: 151 daAuts
     D:2: 21 daAuts
